TOP OF THE 1ST |
Maris School batting - Pitching for Evans HS Knights : RHP Mark Rogers
|
Pitching: RHP Mark Rogers
|
|
Batting: RHB Jason Ward
|
0-0: Ball 1-0: Ball 2-0: Called Strike 2-1: DOUBLE (Line Drive, 9LS)
|
Batting: RHB James Everhart
|
0-0: Ground out 6-3 (Groundball, 6S) Jason Ward to third
|
Batting: LHB Al Gaines
|
0-0: Foul Ball, location: 2F 0-1: Ball 1-1: Ball 2-1: Foul Ball, location: 2F 2-2: Foul Ball, location: 2F 2-2: Fly out, F8 (Flyball, 8RM) Runner from 3rd tags up, SCORES, no throw
|
Batting: RHB Javier Álvarez
|
0-0: Called Strike 0-1: Ball 1-1: Swinging Strike 1-2: Foul Ball, location: 2F 1-2: Foul Ball, location: 2F 1-2: Foul Ball, location: 2F 1-2: SINGLE (Groundball, 15S) (infield hit)
|
Batting: LHB Denny Poole
|
0-0: Fly out, F9 (Line Drive, 89M)
|
Top of the 1st over - 1 run(s), 2 hit(s), 0 error(s), 1 left on base; Maris School 1 - Evans HS 0 |
BOTTOM OF THE 1ST |
Evans HS Knights batting - Pitching for Maris School : RHP Lewis Sweeney
|
Pitching: RHP Lewis Sweeney
|
|
Batting: LHB Ernesto López
|
0-0: Swinging Strike 0-1: Ball 1-1: Swinging Strike 1-2: Strikes out swinging
|
Batting: RHB Tom Stoltz
|
0-0: Foul Ball, location: 2F 0-1: Ball 1-1: Foul Ball, location: 2F 1-2: Strikes out looking
|
Batting: RHB Holden Davis
|
0-0: Ball 1-0: Ball 2-0: Foul Ball, location: 2F 2-1: Ball 3-1: Base on Balls
|
Batting: LHB Bill McCraney
|
0-0: Foul Ball, location: 2F 0-1: Ball 1-1: Fielders Choice at 2nd, 6-4 (Groundball, 6MS)
|
Bottom of the 1st over - 0 run(s), 0 hit(s), 0 error(s), 0 left on base; Maris School 1 - Evans HS 0 |
TOP OF THE 2ND |
Maris School batting - Pitching for Evans HS Knights : RHP Mark Rogers
|
Batting: RHB Denis Miller
|
0-0: Fly out, F3 (Popup, 3DF)
|
Batting: RHB John Scammell
|
0-0: Ball 1-0: Ball 2-0: Called Strike 2-1: Foul Ball, location: 2F 2-2: Ball 3-2: Foul Ball, location: 2F 3-2: Foul Ball, location: 2F 3-2: DOUBLE (Flyball, 89XD)
|
Batting: LHB Gary White
|
0-0: Ball 1-0: Ball 2-0: Ball 3-0: Base on Balls
|
Batting: RHB Joe Baker
|
0-0: Ball 1-0: Ball 2-0: Called Strike 2-1: Foul Ball, location: 2F 2-2: Foul Ball, location: 2F 2-2: Ball 3-2: Base on Balls John Scammell to third Gary White to second
|
Batting: RHB Jason Ward
|
0-0: Ball 1-0: Foul Ball, location: 2F 1-1: DOUBLE (Line Drive, 78D) John Scammell scores Gary White scores Joe Baker to third
|
Batting: RHB James Everhart
|
0-0: Called Strike 0-1: Foul Ball, location: 2F 0-2: Fly out, F9 (Flyball, 89M)
|
Batting: LHB Al Gaines
|
0-0: Foul Ball, location: 2F 0-1: Ball 1-1: Ball 2-1: Called Strike 2-2: Foul Ball, location: 2F 2-2: SINGLE (Line Drive, 9S) Joe Baker scores Jason Ward to third
|
Batting: RHB Javier Álvarez
|
0-0: Ball 1-0: Ball 2-0: Called Strike 2-1: Called Strike 2-2: SINGLE (Groundball, 13) (infield hit) Jason Ward scores Al Gaines to second
|
Batting: LHB Denny Poole
|
0-0: Ball 1-0: Foul Ball, location: 2F 1-1: Fly out, F7 (Line Drive, 7M)
|
Top of the 2nd over - 4 run(s), 4 hit(s), 0 error(s), 2 left on base; Maris School 5 - Evans HS 0 |
BOTTOM OF THE 2ND |
Evans HS Knights batting - Pitching for Maris School : RHP Lewis Sweeney
|
Batting: SHB Jorge Dávila
|
0-0: Ball 1-0: Swinging Strike 1-1: Ball 2-1: Ball 3-1: Base on Balls
|
Batting: RHB Michael Stevenson
|
0-0: Ball 1-0: Reached on error, E4 (Groundball, 4) Jorge Dávila to second
|
Batting: RHB Ronnie Rogers
|
0-0: Called Strike 0-1: Ball 1-1: Swinging Strike 1-2: Ball 2-2: Strikes out swinging
|
Batting: LHB Guy Moss
|
0-0: Ball Michael Stevenson is caught stealing 2nd base 1-0: Called Strike 1-1: Called Strike 1-2: Ball 2-2: Ball 3-2: Strikes out looking
|
Bottom of the 2nd over - 0 run(s), 0 hit(s), 1 error(s), 1 left on base; Maris School 5 - Evans HS 0 |
TOP OF THE 3RD |
Maris School batting - Pitching for Evans HS Knights : RHP Mark Rogers
|
Batting: RHB Denis Miller
|
0-0: SINGLE (Groundball, 56)
|
Batting: RHB John Scammell
|
0-0: Foul Ball, location: 2F 0-1: Called Strike 0-2: Foul Ball, location: 2F 0-2: Strikes out looking
|
Batting: LHB Gary White
|
0-0: Called Strike 0-1: Called Strike 0-2: Fielders Choice at 2nd, 3-6 (Groundball, 3)
|
Batting: RHB Joe Baker
|
0-0: Called Strike Gary White steals 2nd base 0-1: Reached on Error, E8 (Flyball, 8LM) Gary White scores
|
Batting: RHB Jason Ward
|
0-0: Ball 1-0: Ground out 5-3 (Groundball, 15S)
|
Top of the 3rd over - 1 run(s), 1 hit(s), 1 error(s), 1 left on base; Maris School 6 - Evans HS 0 |
BOTTOM OF THE 3RD |
Evans HS Knights batting - Pitching for Maris School : RHP Lewis Sweeney
|
Batting: RHB John Eaves
|
0-0: Foul Ball, location: 2F 0-1: Swinging Strike 0-2: Strikes out swinging
|
Batting: LHB Ernesto López
|
0-0: Called Strike 0-1: Ball 1-1: Foul Ball, location: 2F 1-2: Ball 2-2: Ball 3-2: DOUBLE (Flyball, 89M)
|
Batting: RHB Tom Stoltz
|
0-0: Ball 1-0: Ball 2-0: Called Strike 2-1: Called Strike 2-2: Ball 3-2: Strikes out swinging
|
Batting: RHB Holden Davis
|
0-0: Ball 1-0: SINGLE (Groundball, 4D) Ernesto López to third Runner from 3rd tries for Home, SAFE, no throw or cutoff
|
Batting: LHB Bill McCraney
|
0-0: Ball 1-0: Foul Ball, location: 2F 1-1: Called Strike 1-2: Strikes out swinging
|
Bottom of the 3rd over - 1 run(s), 2 hit(s), 0 error(s), 1 left on base; Maris School 6 - Evans HS 1 |
TOP OF THE 4TH |
Maris School batting - Pitching for Evans HS Knights : RHP Mark Rogers
|
Batting: RHB James Everhart
|
0-0: Ball 1-0: Foul Ball, location: 2F 1-1: Ball 2-1: Foul Ball, location: 2F 2-2: Ball 3-2: Base on Balls
|
Batting: LHB Al Gaines
|
0-0: Ball 1-0: SINGLE (Flyball, 4MD) James Everhart to second
|
Batting: RHB Javier Álvarez
|
0-0: Ball 1-0: Fly out, F7 (Flyball, 7LM)
|
Pitching: RHP Dale Stone
|
|
Batting: LHB Denny Poole
|
0-0: Ball 1-0: Foul Ball, location: 2F 1-1: Grounds into double play, 4-6-3 (Groundball, 4)
|
Top of the 4th over - 0 run(s), 1 hit(s), 0 error(s), 1 left on base; Maris School 6 - Evans HS 1 |
BOTTOM OF THE 4TH |
Evans HS Knights batting - Pitching for Maris School : RHP Lewis Sweeney
|
Batting: SHB Jorge Dávila
|
0-0: Ball 1-0: Foul Ball, location: 2F 1-1: Foul Ball, location: 2F 1-2: Strikes out swinging
|
Batting: RHB Michael Stevenson
|
0-0: Called Strike 0-1: Called Strike 0-2: Ball 1-2: Foul Ball, location: 2F 1-2: Foul Ball, location: 2F 1-2: Ball 2-2: Ball 3-2: Strikes out looking
|
Batting: RHB Ronnie Rogers
|
0-0: Called Strike 0-1: Swinging Strike 0-2: Fly out, F7 (Flyball, 78M)
|
Bottom of the 4th over - 0 run(s), 0 hit(s), 0 error(s), 0 left on base; Maris School 6 - Evans HS 1 |
TOP OF THE 5TH |
Maris School batting - Pitching for Evans HS Knights : RHP Dale Stone
|
Batting: RHB Denis Miller
|
0-0: Called Strike 0-1: Ground out 6-3 (Groundball, 6)
|
Batting: RHB John Scammell
|
0-0: Foul Ball, location: 2F 0-1: Ball 1-1: Ground out 1-3 (Groundball, 13S)
|
Batting: LHB Gary White
|
0-0: Called Strike 0-1: Ball 1-1: Ball 2-1: Ball 3-1: Swinging Strike 3-2: Strikes out swinging
|
Top of the 5th over - 0 run(s), 0 hit(s), 0 error(s), 0 left on base; Maris School 6 - Evans HS 1 |
BOTTOM OF THE 5TH |
Evans HS Knights batting - Pitching for Maris School : RHP Lewis Sweeney
|
Batting: LHB Guy Moss
|
0-0: Foul Ball, location: 2F 0-1: Ball 1-1: Ground out U3 (Groundball, 3S)
|
Batting: RHB John Eaves
|
0-0: Ball 1-0: Ball 2-0: Ground out 6-3 (Groundball, 56)
|
Batting: LHB Ernesto López
|
Single, Error in OF, E8, batter to second base
|
Batting: RHB Tom Stoltz
|
0-0: Fly out, F3 (Popup, 3F)
|
Bottom of the 5th over - 0 run(s), 1 hit(s), 1 error(s), 1 left on base; Maris School 6 - Evans HS 1 |
TOP OF THE 6TH |
Maris School batting - Pitching for Evans HS Knights : RHP Dale Stone
|
Batting: RHB Joe Baker
|
0-0: Swinging Strike 0-1: SINGLE (Groundball, 25) (infield hit)
|
Batting: RHB Jason Ward
|
0-0: Called Strike 0-1: Foul Ball, location: 2F 0-2: Ball 1-2: SINGLE (Line Drive, 5) Joe Baker to second
|
Batting: RHB James Everhart
|
0-0: Called Strike 0-1: Ball 1-1: Swinging Strike 1-2: Grounds into double play, 6-4-3 (Groundball, 6M) Joe Baker to third
|
Batting: LHB Al Gaines
|
0-0: Ball 1-0: Fly out, F8 (Flyball, 89M)
|
Top of the 6th over - 0 run(s), 2 hit(s), 0 error(s), 1 left on base; Maris School 6 - Evans HS 1 |
BOTTOM OF THE 6TH |
Evans HS Knights batting - Pitching for Maris School : RHP Lewis Sweeney
|
Batting: RHB Holden Davis
|
0-0: Called Strike 0-1: Foul Ball, location: 2F 0-2: Ball 1-2: Ball 2-2: Foul Ball, location: 2F 2-2: DOUBLE (Line Drive, 89M)
|
Pitching: RHP Sonny Harris
|
|
Batting: LHB Bill McCraney
|
0-0: Ball 1-0: Ball 2-0: Ball 3-0: Called Strike 3-1: Base on Balls
|
Batting: SHB Jorge Dávila
|
0-0: SINGLE (Line Drive, 6D) Holden Davis to third Bill McCraney to second
|
Batting: RHB Michael Stevenson
|
0-0: Called Strike 0-1: Ball 1-1: DOUBLE (Line Drive, 7LM) Holden Davis scores Bill McCraney scores Jorge Dávila to third Runner from 3rd tries for Home, SAFE, no throw or cutoff
|
Batting: RHB Ronnie Rogers
|
0-0: Ball 1-0: Ball 2-0: Called Strike 2-1: Called Strike 2-2: SINGLE (Groundball, 6MD) Michael Stevenson to third
|
Batting: LHB Guy Moss
|
0-0: DOUBLE (Line Drive, 7LS) Michael Stevenson scores Ronnie Rogers to third
|
Pitching: LHP Brant Goff
|
|
Batting: RHB John Eaves
|
0-0: Ground out U3 (Groundball, 3S)
|
Batting: LHB Ernesto López
|
0-0: Called Strike 0-1: Swinging Strike 0-2: Strikes out swinging
|
Batting: RHB Tom Stoltz
|
0-0: Called Strike 0-1: Swinging Strike 0-2: Foul Ball, location: 2F 0-2: Ball 1-2: Strikes out swinging
|
Bottom of the 6th over - 4 run(s), 5 hit(s), 0 error(s), 2 left on base; Maris School 6 - Evans HS 5 |
TOP OF THE 7TH |
Maris School batting - Pitching for Evans HS Knights : RHP Dale Stone
|
Pitching: RHP Dave Thompson
|
|
Batting: RHB Javier Álvarez
|
0-0: Called Strike 0-1: Called Strike 0-2: Foul Ball, location: 2F 0-2: Strikes out swinging
|
Batting: LHB Denny Poole
|
0-0: Called Strike 0-1: Ball 1-1: Ball 2-1: Fly out, F5 (Popup, 5DF)
|
Batting: RHB Denis Miller
|
0-0: Ball 1-0: Foul Ball, location: 2F 1-1: Ball 2-1: Swinging Strike 2-2: Foul Ball, location: 2F 2-2: Ball 3-2: Foul Ball, location: 2F 3-2: Base on Balls
|
Batting: RHB John Scammell
|
0-0: Called Strike 0-1: Fly out, F3 (Popup, 3F)
|
Top of the 7th over - 0 run(s), 0 hit(s), 0 error(s), 1 left on base; Maris School 6 - Evans HS 5 |
BOTTOM OF THE 7TH |
Evans HS Knights batting - Pitching for Maris School : LHP Brant Goff
|
Batting: RHB Holden Davis
|
0-0: Called Strike 0-1: Called Strike 0-2: Ball 1-2: Strikes out swinging
|
Batting: LHB Bill McCraney
|
0-0: Ball 1-0: Ball 2-0: Called Strike 2-1: Ball 3-1: Base on Balls
|
Batting: SHB Jorge Dávila
|
0-0: Ball 1-0: Called Strike 1-1: Grounds into double play, 1-4-3 (Groundball, 25)
|
Bottom of the 7th over - 0 run(s), 0 hit(s), 0 error(s), 0 left on base; Maris School 6 - Evans HS 5 |
TOP OF THE 8TH |
Maris School batting - Pitching for Evans HS Knights : RHP Dave Thompson
|
Batting: LHB Gary White
|
0-0: Called Strike 0-1: SINGLE (Groundball, 25) (infield hit)
|
Batting: RHB Joe Baker
|
0-0: Ball 1-0: Bunted foul 1-1: Sac Bunt - play at first, batter OUT! 5-4 Gary White to second
|
Batting: RHB Jason Ward
|
0-0: Ball 1-0: Called Strike 1-1: Swinging Strike 1-2: Strikes out swinging
|
Batting: RHB James Everhart
|
0-0: Ball 1-0: Called Strike 1-1: Ball 2-1: Ball 3-1: Swinging Strike 3-2: Strikes out looking
|
Top of the 8th over - 0 run(s), 1 hit(s), 0 error(s), 1 left on base; Maris School 6 - Evans HS 5 |
BOTTOM OF THE 8TH |
Evans HS Knights batting - Pitching for Maris School : LHP Brant Goff
|
Pitching: RHP Steve Henry
|
|
Batting: RHB Michael Stevenson
|
0-0: Called Strike 0-1: Foul Ball, location: 2F 0-2: Strikes out swinging
|
Batting: RHB Ronnie Rogers
|
0-0: Foul Ball, location: 2F 0-1: Ball 1-1: Foul Ball, location: 2F 1-2: Foul Ball, location: 2F 1-2: TRIPLE (Flyball, 8LXD)
|
Pitching: LHP Rob Grant
|
|
Batting: LHB Guy Moss
|
0-0: Called Strike 0-1: Called Strike 0-2: Ball 1-2: Foul Ball, location: 2F 1-2: Strikes out swinging
|
Pitching: RHP Alfonso Sánchez
|
|
Batting: RHB John Eaves
|
0-0: Called Strike 0-1: Ball 1-1: Ball 2-1: Called Strike 2-2: Ball 3-2: Base on Balls
|
Pitching: LHP Zi-cheng Luo
|
|
Batting: LHB Ernesto López
|
0-0: Fly out, F7 (Flyball, 78M)
|
Bottom of the 8th over - 0 run(s), 1 hit(s), 0 error(s), 2 left on base; Maris School 6 - Evans HS 5 |
TOP OF THE 9TH |
Maris School batting - Pitching for Evans HS Knights : RHP Dave Thompson
|
Pitching: RHP José Moreno
|
|
Batting: LHB Al Gaines
|
0-0: Ball 1-0: Foul Ball, location: 2F 1-1: Ball 2-1: Called Strike 2-2: Ball 3-2: Base on Balls
|
Batting: RHB Javier Álvarez
|
0-0: Ball 1-0: SINGLE (Groundball, 6) Al Gaines to second
|
Batting: LHB Denny Poole
|
0-0: Swinging Strike 0-1: Ball 1-1: Ball 2-1: Ball 3-1: Base on Balls Al Gaines to third Javier Álvarez to second
|
Batting: RHB Denis Miller
|
0-0: Ball 1-0: Ball 2-0: Swinging Strike 2-1: Ball 3-1: Swinging Strike 3-2: Base on Balls Al Gaines scores Javier Álvarez to third Denny Poole to second
|
Batting: RHB John Scammell
|
0-0: Swinging Strike 0-1: Ball 1-1: Foul Ball, location: 2F 1-2: Ball 2-2: Foul Ball, location: 2F 2-2: Foul Ball, location: 2F 2-2: Ball 3-2: Base on Balls Javier Álvarez scores Denny Poole to third Denis Miller to second
|
Batting: LHB Gary White
|
0-0: Ball 1-0: Called Strike 1-1: Grounds into fielders choice 4-2 (Groundball, 4) Denis Miller to third John Scammell to second
|
Batting: RHB Joe Baker
|
0-0: Swinging Strike 0-1: Ball 1-1: Fly out, F2 (Popup, 2RF)
|
Batting: RHB Jason Ward
|
0-0: Ball 1-0: Ball 2-0: Called Strike 2-1: Ball 3-1: Base on Balls Denis Miller scores John Scammell to third Gary White to second
|
Pitching: LHP Mike Edmonds
|
|
Batting: RHB James Everhart
|
0-0: Ball 1-0: Foul Ball, location: 2F 1-1: Foul Ball, location: 2F 1-2: Foul Ball, location: 2F 1-2: Foul Ball, location: 2F 1-2: Ball 2-2: Ball 3-2: Base on Balls John Scammell scores Gary White to third Jason Ward to second
|
Batting: LHB Al Gaines
|
0-0: Ball 1-0: Ball 2-0: Called Strike 2-1: Ball 3-1: Fly out, F9 (Flyball, 9LM)
|
Top of the 9th over - 4 run(s), 1 hit(s), 0 error(s), 3 left on base; Maris School 10 - Evans HS 5 |
BOTTOM OF THE 9TH |
Evans HS Knights batting - Pitching for Maris School : LHP Zi-cheng Luo
|
Pitching: RHP Denny Griffin
|
|
Now at 2B: Wilson Metherall
|
|
Now in LF: Phil Poole
|
|
Batting: RHB Tom Stoltz
|
0-0: Swinging Strike 0-1: Ball 1-1: Foul Ball, location: 2F 1-2: Foul Ball, location: 2F 1-2: Strikes out swinging
|
Batting: RHB Holden Davis
|
0-0: Ball 1-0: Called Strike 1-1: Called Strike 1-2: Ball 2-2: Ball 3-2: Strikes out swinging
|
Batting: LHB Bill McCraney
|
0-0: Swinging Strike 0-1: Ground out 1-3 (Groundball, 15S)
|
Bottom of the 9th over - 0 run(s), 0 hit(s), 0 error(s), 0 left on base; Maris School 10 - Evans HS 5 |
|